 Dungeon Crawl Stone Soup version 0.21-a0-450-gd87a9b2 (webtiles) character file.

1242 slep the Slasher (level 8, -2/61 HPs)
             Began as a Demonspawn Monk on Nov 19, 2017.
             Was a Priest of Okawaru.
             Slain by Edmund
             ... wielding a +5 flail of draining
              (5 damage)
             ... on level 6 of the Dungeon.
             The game lasted 00:26:21 (5905 turns).

slep the Slasher (Demonspawn Monk)                  Turns: 5905, Time: 00:26:21

Health: -2/61      AC: 11    Str: 12    XL:     8   Next: 25%
Magic:  0/8        EV:  8    Int: 11    God:    Okawaru [***...]
Gold:   373        SH:  5    Dex: 16    Spells: 7/7 levels left

rFire    + . .     SeeInvis .   y - +1 flail (protect)
rCold    . . .     Gourm    .   u - +2 buckler
rNeg     . . .     Faith    .   n - +0 scale mail
rPois    .         Spirit   +   (no helmet)
rElec    .         Reflect  .   x - +0 cloak
rCorr    .         Harm     .   (no gloves)
MR       .....                  (no boots)
Stlth    ..........             (no amulet)
HPRegen  0.20/turn              m - ring of flight
MPRegen  0.22/turn              (no ring)

@: protection aura, heavily drained
A: hooves 1, clumsy 1, deformed body, fire resistance 1, wild magic 1, magic
shield, magic regeneration, no potion heal 1, flame cloud immunity
a: Heroism, Renounce Religion, Evoke Flight


You were on level 6 of the Dungeon.
You worshipped Okawaru.
Okawaru was most pleased with you.
You were not hungry.

You visited 1 branch of the dungeon, and saw 6 of its levels.

You collected 373 gold pieces.

Inventory:

Hand Weapons
 a - a +0 falchion
 y - a +1 flail of protection (weapon)
 A - a cursed -1 halberd
Missiles
 e - 5 javelins (quivered)
 i - 36 poisoned needles
 B - 7 tomahawks
Armour
 b - a +0 robe
 n - a +0 scale mail (worn)
 u - a +2 buckler (worn)
 x - a +0 cloak (worn)
Jewellery
 m - a ring of flight (left hand)
Wands
 z - a wand of lightning (2/15)
 D - a wand of lightning (10/15)
Scrolls
 h - 2 scrolls of enchant armour {unknown}
 k - a scroll of enchant weapon {unknown}
 l - 2 scrolls of teleportation {unknown}
 o - 3 scrolls of identify {unknown}
 t - a scroll of blinking {unknown}
 v - a scroll of random uselessness {unknown}
 w - 2 scrolls of remove curse {unknown}
Potions
 g - a potion of degeneration {unknown}
 j - 3 potions of curing
 p - a potion of resistance
 q - a potion of flight {unknown}
 r - a potion of might
Comestibles
 c - 2 bread rations
 d - 2 meat rations
 f - 3 royal jellies
 C - 5 chunks of flesh


   Skills:
 + Level 4.9(2.0) Fighting
 + Level 5.1(2.2) Long Blades
 + Level 3.4(0.6) Maces & Flails
 + Level 3.5(0.7) Armour
 + Level 4.4(1.5) Dodging
 + Level 2.4(0.0) Stealth
 + Level 2.1(0.0) Shields
 + Level 0.4(0.0) Evocations


You had 7 spell levels left.
You didn't know any spells.

Dungeon Overview and Level Annotations

Branches:
Dungeon (6/15)
 Temple: D:4-7

Altars:
Ashenzari
Dithmenos
Elyvilon
Kikubaaqudgha
Makhleb
Okawaru
Sif Muna

Annotations:
D:6 Edmund


Innate Abilities, Weirdness & Mutations

You have large cloven feet.
Your flesh is heat resistant. (rF+)
When hurt, damage is shared between your health and your magic reserves.
You regenerate magic rapidly.
You are immune to clouds of flame.
You are clumsy. (Dex -2)
Armour fits poorly on your strangely shaped body.
Your spells are a little harder to cast, but a little more powerful.
Potions are less effective at restoring your health.


Message History

Edmund hits you but does no damage.
You feel drained.
You sock Edmund! You kick Edmund.
Edmund is severely wounded.
Edmund barely misses you.
You closely miss Edmund. Your kick misses Edmund.
Edmund is severely wounded.
Edmund hits you with a flail of draining.
* * * LOW HITPOINT WARNING * * *
You feel drained.
* * * LOW HITPOINT WARNING * * *
You hit Edmund.
Edmund is almost dead.
Edmund hits you with a flail of draining.
* * * LOW HITPOINT WARNING * * *
You feel drained.
* * * LOW HITPOINT WARNING * * *
You hit Edmund. You kick Edmund.
Edmund is almost dead.
Edmund hits you with a flail of draining.
You die...

.(.... ..... ....
... .. #.## #.
#..# #.# #@# #.#
#@###.#########
#..##.........#
##.##........(#
#####..#.........#
#......#.).......#
#......#.#+#+#####
#.....((.#.# ...
#.....#..#.#...
#...(.#.......


You could see Edmund.

Vanquished Creatures
  The ghost of djmy96 the Shield-Bearer, a novice FoFi (D:5)
  A sky beast (D:6)
  An ogre (D:4)
  The ghost of MetaJoker the Charmwright, an amateur DrSk (D:4)
  A phantom (D:5)
  A centaur (D:6)
  A howler monkey (D:5)
  2 crimson imps (D:5)
  A centaur skeleton (D:4)
  A hound (D:4)
  An orc wizard (D:5)
  2 orc priests
  A worker ant (D:6)
  7 adders
  4 gnolls (D:5)
  3 shadow imps (D:5)
  An ooze (D:1)
  A worm (D:3)
  2 dart slugs (D:1)
  3 leopard geckos
  19 orcs
  3 ball pythons
  7 giant cockroaches
  8 goblins
  7 hobgoblins
  12 jackals
  9 bats
  2 frilled lizards
  A jackal zombie (D:5)
  4 kobolds
  A leopard gecko skeleton (D:5)
  6 rats
  A bush (D:4)
116 creatures vanquished.

Notes
Turn   | Place    | Note
-------+----------+-------------------------------------------
     0 | D:1      | slep the Demonspawn Monk began the quest for the Orb.
     0 | D:1      | Reached XP level 1. HP: 18/18 MP: 1/1
    68 | D:2      | Gained mutation: When hurt, damage is shared between your health and your magic reserves. [demonic ancestry]
    68 | D:2      | Reached XP level 2. HP: 16/24 MP: 2/2
   100 | D:2      | Reached skill level 3 in Long Blades
   333 | D:2      | Gained mutation: Your flesh is heat resistant. (rF+) [demonic ancestry]
   333 | D:2      | Reached XP level 3. HP: 16/29 MP: 1/3
   381 | D:2      | Found an ancient bone altar of Kikubaaqudgha.
  1531 | D:3      | Gained mutation: You have large cloven feet. [demonic ancestry]
  1531 | D:3      | Reached XP level 4. HP: 23/35 MP: 2/4
  1868 | D:4      | Noticed MetaJoker's ghost (amateur DrSk)
  2180 | D:3      | Reached skill level 4 in Long Blades
  2591 | D:1      | Reached XP level 5. HP: 35/42 MP: 5/5
  3418 | D:4      | Reached skill level 1 in Armour
  3558 | D:4      | Found a white marble altar of Elyvilon.
  3560 | D:4      | Found an iron altar of Okawaru.
  3561 | D:4      | Found a burning altar of Makhleb.
  3569 | D:4      | Became a worshipper of Warmaster Okawaru
  3569 | D:4      | Reached * piety under Okawaru
  3569 | D:4      | Reached ** piety under Okawaru
  3748 | D:4      | Killed MetaJoker's ghost
  3748 | D:4      | Gained mutation: You regenerate magic rapidly. [demonic ancestry]
  3748 | D:4      | Reached XP level 6. HP: 12/48 MP: 3/6
  4094 | D:4      | Reached skill level 1 in Maces & Flails
  4094 | D:4      | Reached skill level 1 in Shields
  4780 | D:5      | Entered Level 5 of the Dungeon
  4785 | D:5      | Found a shattered altar of Ashenzari.
  4785 | D:5      | Found a deep blue altar of Sif Muna.
  4931 | D:5      | Gained mutation: You are immune to clouds of flame. [demonic ancestry]
  4931 | D:5      | Reached XP level 7. HP: 12/54 MP: 7/7
  5164 | D:5      | Reached *** piety under Okawaru
  5271 | D:5      | Noticed djmy96's ghost (novice FoFi)
  5284 | D:5      | Killed djmy96's ghost
  5284 | D:5      | Reached skill level 5 in Long Blades
  5285 | D:5      | Found a shadowy altar of Dithmenos.
  5373 | D:5      | Reached XP level 8. HP: 46/61 MP: 6/8
  5826 | D:6      | Gained mutation: Armour fits poorly on your strangely shaped body. [mutagenic meat]
  5827 | D:6      | Gained mutation: Your spells are a little harder to cast, but a little more powerful. [mutagenic meat]
  5829 | D:6      | Gained mutation: You are clumsy. (Dex -2) [mutagenic meat]
  5830 | D:6      | Gained mutation: Potions are less effective at restoring your health. [mutagenic meat]
  5874 | D:6      | Noticed Edmund
  5904 | D:6      | HP: 3/61 [Edmund/flail of draining (2)]
  5905 | D:6      | Slain by Edmund

Vault maps used:
D:1:      lightli_arrival_maybe_door_vault
D:2:      marbit_many_paths
D:3:      first_bread, hangedman_decor_points, glass_columns_b,
          minmay_misc_feat_ornament, due_unseen_surprise
D:4:      gammafunk_temple_overflow_forgotten
D:5:      lemuel_round_altar, amethyst_overflow_temple_binary
D:6:      slow_altar_2, serial_shops, shop, basic_altar, uniq_blork_the_orc,
          uniq_edmund

Skill      XL: |  1  2  3  4  5  6  7  8 |
---------------+-------------------------+-----
Long Blades    | 3 4 5 |  5.1
Dodging        | 3 4 |  4.4
Stealth        | 2 |  2.4
Armour         | 1 2 3 |  3.5
Fighting       | 4 |  4.9
Maces & Flails | 1 2 3 |  3.4
Shields        | 1 2 |  2.1
Evocations     | |  0.4

Action                   |  1- 3 |  4- 6 |  7- 9 || total
-------------------------+-------+-------+-------++-------
Melee: Falchion          |   106 |   257 |       ||   363
       Kick              |       |   135 |    35 ||   170
       Flail             |       |    95 |   126 ||   221
Throw: Javelin           |       |     2 |       ||     2
Evoke: Wand              |       |     3 |       ||     3
  Use: Potion            |     2 |     1 |     4 ||     7
 Stab: Sleeping          |     5 |       |       ||     5
  Eat: Chunk             |     1 |    12 |    10 ||    23
Armor: Robe              |    26 |     2 |       ||    28
       Scale mail        |       |   115 |    59 ||   174
Dodge: Dodged            |    85 |   123 |    55 ||   263
Block: Buckler           |       |    48 |    35 ||    83
       Rpst.: Falchion   |    26 |    36 |       ||    62

Table legend:
 A = Spawn XP
 B = Non-spawn XP
 C = Spawn XP percentage of total XP
 D = Spawn monster count
 E = Non-spawn monster count
 F = Spawn count percentage of total count
 G = Total turns spent on level
                    A         B        C        D         E        F      G
               +---------+---------+-------+---------+---------+-------+---------
         Total |       0 |    1775 |   0.0 |       0 |     115 |   0.0 |  5905
               +---------+---------+-------+---------+---------+-------+---------
           D:1 |       0 |      47 |   0.0 |       0 |      23 |   0.0 |   738
           D:2 |       0 |      64 |   0.0 |       0 |      23 |   0.0 |  1051
           D:3 |       0 |     125 |   0.0 |       0 |      27 |   0.0 |  1765
           D:4 |       0 |     359 |   0.0 |       0 |       9 |   0.0 |  1423
           D:5 |       0 |     900 |   0.0 |       0 |      29 |   0.0 |   835
           D:6 |       0 |     280 |   0.0 |       0 |       4 |   0.0 |    93
               +---------+---------+-------+---------+---------+-------+---------
